 Dungeon Crawl Stone Soup version 0.28.0-43-g3370ac3207 (webtiles) character file.

Game seed: 16498702610043393025

36 fknight the Chopper (level 3, 0/33 HPs)
             Began as a Hill Orc Monk on Mar 1, 2022.
             Slain by Sigmund
             ... wielding a +0 scythe
              (11 damage)
             ... on level 2 of the Dungeon.
             The game lasted 00:04:39 (1524 turns).

fknight the Chopper (Hill Orc Monk)                 Turns: 1524, Time: 00:04:40

Health: 0/33       AC:  8    Str: 15    XL:     3   Next: 37%
Magic:  3/3        EV: 12    Int: 10    God:
Gold:   27         SH:  0    Dex: 13    Spells: 2/2 levels left

rFire   . . .      SeeInvis .   a - +0 hand axe
rCold   . . .      Faith    .   (no shield)
rNeg    . . .      Spirit   .   m - +0 leather armour
rPois   .          Reflect  .   (no helmet)
rElec   .          Harm     .   (no cloak)
rCorr   .          Rampage  .   e - +0 pair of gloves
Will    .....                   (no boots)
Stlth   ++........              (no amulet)
HPRegen 0.11/turn               q - +4 ring of protection
MPRegen 0.08/turn               (no ring)

@: hasted, very quick
A: no striking features
a: no special abilities


You were on level 2 of the Dungeon.
You visited 1 branch of the dungeon, and saw 2 of its levels.

You collected 27 gold pieces.

Inventory:

Hand Weapons
 a - a +0 hand axe (weapon)
 p - a +0 hunting sling
Missiles
 j - 26 arrows
 l - 14 bolts
Armour
 b - a +0 robe
 e - a +0 pair of gloves (worn)
 m - a +0 leather armour (worn)
Magical Staves
 o - a staff of cold
Jewellery
 q - a +4 ring of protection (left hand)
Scrolls
 c - a scroll of blinking {unknown}
 i - a scroll of identify {unknown}
 n - a scroll of fog {unknown}
Potions
 d - a potion of magic {unknown}
 f - a potion of invisibility {unknown}
 g - a potion of brilliance {unknown}
 h - a potion of curing {unknown}
 k - a potion of haste


   Skills:
 + Level 4.0 Fighting
 + Level 4.5 Axes
 + Level 2.7 Dodging
 + Level 2.1 Stealth


You had 2 spell levels left.
You didn't know any spells.
Your spell library was empty.

Dungeon Overview and Level Annotations

Branches:
Dungeon (2/15)

Altars:
Uskayaw

Annotations:
D:2 Sigmund


Message History

You are no longer poisoned.
You start resting.
A ball python comes into view.
You start resting.
HP restored.
You see here an adder skeleton.
A goblin comes into view. It is wielding a +0 club.
The ball python bites you but does no damage.
The ball python barely misses you.
The goblin shouts!
You hit the ball python.
You kill the ball python!
You hear a shout! x2
You hit the goblin.
You kill the goblin!
A goblin comes into view. It is wielding a +0 club.
Things that are here:
a +0 club; a goblin corpse Sigmund the Dreaded comes into view.
He is wielding a +0 scythe.
Sigmund shouts!
Things that are here:
a +0 club; a goblin corpse Sigmund gestures wildly while chanting.
Sigmund flickers and vanishes!
Deactivating autopickup; reactivate with Ctrl-A.
You see here an adder skeleton.
You slash the goblin!
You kill the goblin!
Something hits you but does no damage.
You see here a +0 club.
You barely miss something. You miss something. Something hits you.
You hit something but do no damage. Something hits you.
You closely miss something. You closely miss something.
Something hits you but does no damage.
You barely miss something. Something hits you!
You miss something. Something hits you.
It was a potion of haste.
You feel yourself speed up.
You closely miss something. Something hits you!
You die...

#.#.....# #.#.......
###.#....##.
#...###### #.### #.#
#.# #.# #@# ####.####
#.......#
#.......########## .
#.......##.<.....#..
#........รท.........#
#.......##........#
##########........#
#.......##


There were no monsters in sight!

Vanquished Creatures
  An adder (D:2)
  A bat (D:1)
  4 endoplasms
  2 giant cockroaches (D:1)
  3 goblins
  2 hobgoblins (D:1)
  A quokka (D:1)
  5 ball pythons
  A kobold (D:1)
  6 rats
26 creatures vanquished.

Notes
Turn   | Place    | Note
-------+----------+-------------------------------------------
     0 | D:1      | fknight the Hill Orc Monk began the quest for the Orb.
     0 | D:1      | Reached XP level 1. HP: 19/19 MP: 1/1
   377 | D:1      | Reached XP level 2. HP: 20/27 MP: 2/2
   548 | D:1      | Found a faded altar of an unknown god.
  1192 | D:2      | Reached XP level 3. HP: 33/33 MP: 3/3
  1217 | D:2      | Found a hide-covered altar of Uskayaw.
  1488 | D:2      | Noticed Sigmund
  1524 | D:2      | Slain by Sigmund

Illustrated notes

Levels and vault maps discovered:
D:1:      matt_arrival_refuge, layout_basic,
          shapermc_ecumenical_altar_mp_highgroup
D:2:      layout_rooms, basic_altar, uniq_robin, uniq_sigmund

Skill      XL: |  1  2  3 |
---------------+----------+-----
Stealth        | 2 |  2.1
Fighting       | 4 |  4.0
Axes           | |  4.5
Dodging        | |  2.7

Action                   || total
-------------------------++-------
Melee: Hand axe          ||    88
  Use: Potion            ||     1
 Stab: Sleeping          ||     5
       Distracted        ||     1
Armor: Robe              ||     6
       Leather armour    ||    13
Dodge: Dodged            ||    46
